 Seeded DCSS version 0.29.1-1-gd02db6906a (webtiles) character file.

Game seed: 17845553201672341576 (custom seed)

3799 Iusername the Protected (level 9, 0/79 HPs)
             Began as a Minotaur Fighter on Sept 21, 2022.
             Was a Follower of the Shining One.
             Slain by a killer bee (3 damage)
             ... on level 9 of the Dungeon.
             The game lasted 00:10:34 (11679 turns).

Iusername the Protected (Minotaur Fighter)         Turns: 11679, Time: 00:10:34

Health: 0/79       AC:  8    Str: 25    XL:     9   Next: 96%
Magic:  8/8        EV:  8    Int: 14    God:    the Shining One [*.....]
Gold:   1085       SH: 16    Dex: 10    Spells: 8/8 levels left

rFire   + . .      SeeInvis .   a - +0 trident
rCold   + . .      Faith    .   j - +2 tower shield {rN+}
rNeg    + + .      Spirit   .   b - +0 scale mail
rPois   +          Reflect  .   (helmet restricted)
rElec   +          Harm     .   (no cloak)
rCorr   +          Rampage  .   (no gloves)
Will    +....                   (no boots)
Stlth   ..........              (no amulet)
HPRegen 0.23/turn               C - ring of Simit {Contam +Blink Fly rN+ Will+ Int+3}
MPRegen 0.11/turn               o - +6 ring of intelligence

@: lethally poisoned (0 -> -2), resistant, attractive, flying, hasted, glowing,
very quick
A: horns 2, retaliatory headbutt
a: Renounce Religion, Evoke Blink, Divine Shield


You were on level 9 of the Dungeon.
You worshipped the Shining One.
The Shining One was aware of your devotion.
You visited 2 branches of the dungeon, and saw 10 of its levels.

You collected 1636 gold pieces.
You spent 551 gold pieces at shops.

Inventory:

Hand Weapons
 a - a +0 trident (weapon)
Armour
 b - a +0 scale mail (worn)
 c - a +0 buckler
 j - a +2 tower shield of positive energy (worn)
 v - a +0 pair of boots
Jewellery
 o - a +6 ring of intelligence (right hand)
 B - a ring of wizardry
 C - the ring of Simit (left hand) {Contam +Blink Fly rN+ Will+ Int+3}
   (You bought it in a shop on level 6 of the Dungeon)

   [ring of positive energy]

   Int:       It affects your intelligence (+3).
   rN:        It protects you from negative energy.
   Fly:       It grants you flight.
   +Blink:    It lets you blink.
   Contam:    It causes magical contamination when unequipped.
   Will:      It increases your willpower.
 E - a +4 ring of evasion
 G - a ring of flight
Wands
 l - a wand of acid (4)
 H - a wand of roots (4)
Scrolls
 e - 10 scrolls of identify {unknown}
 f - 2 scrolls of torment {unknown}
 g - a scroll of fear {unknown}
 k - 6 scrolls of teleportation {unknown}
 m - a scroll of butterflies {unknown}
 t - 3 scrolls of immolation {unknown}
 w - a scroll of enchant armour {unknown}
 x - a scroll of summoning {unknown}
 y - a scroll of enchant weapon {unknown}
 I - a scroll of noise {unknown}
Potions
 d - 5 potions of degeneration {unknown}
 h - 2 potions of heal wounds {unknown}
 i - a potion of flight {unknown}
 n - 2 potions of lignification {unknown}
 p - a potion of curing
 q - a potion of magic {unknown}
 r - a potion of might
 s - a potion of mutation {unknown}
 u - a potion of brilliance {unknown}
 D - a potion of haste
 F - 2 potions of invisibility {unknown}


   Skills:
 + Level 7.4 Fighting
 + Level 9.4 Polearms
 + Level 9.7 Armour
 + Level 4.8 Dodging
 + Level 0.7 Stealth
 + Level 8.4 Shields


You had 8 spell levels left.
You didn't know any spells.
Your spell library contained the following spells:

 Spells                   Type           Power      Damage    Failure   Level
 Apportation              Tloc           0%         N/A       99%         1
 Necrotise                Necr           0%         1d4       99%         1
 Summon Small Mammal      Summ           0%         N/A       99%         1
 Stone Arrow              Conj/Erth      0%         3d7       100%        3
 Vampiric Draining        Necr           0%         2d6       100%        3
 Animate Armour           Summ/Erth      0%         N/A       100%        4
 Olgreb's Toxic Radiance  Pois           0%         N/A       100%        4
 Summon Lightning Spire   Summ/Air       0%         N/A       100%        4
 Agony                    Necr           0%         N/A       100%        5
 Ozocubu's Refrigeration  Ice            0%         4d7       100%        7
 Storm Form               Tmut/Air       0%         N/A       100%        7
 Ignition                 Fire           0%         3d3       100%        8
 Lehudib's Crystal Spear  Conj/Erth      0%         10d2      100%        8
 Maxwell's Capacitive Co  Air            0%         ∞         100%        8


Dungeon Overview and Level Annotations

Branches:
Dungeon (9/15)             Temple (1/1) D:5
   Lair: D:8-11         Orc: D:9-12

Altars:
Ashenzari
Cheibriados
Elyvilon
Gozag
Hepliaklqana
Makhleb
Nemelex Xobeh
Okawaru
Qazlal
Sif Muna
Trog
Uskayaw
Vehumet
Wu Jian
Xom
Yredelemnul
Zin
The Shining One

Shops:
D:6 *=

Annotations:
D:3 1 runed translucent door, Rudyous's ghost, amateur MiFi
D:9 Grum


Innate Abilities, Weirdness & Mutations

You have a pair of horns on your head.
You reflexively headbutt those who attack you in melee.


Message History

The killer bee poisons you!
It was a potion of haste.
You feel yourself speed up.
You feel sick. The killer bee stings you.
* * * LOW HITPOINT WARNING * * *
You block the killer bee's attack.
A bullfrog comes into view.
You block the killer bee's attack.
The killer bee stings you but does no damage.
You feel better.
The bullfrog gives a loud, deep croak!
You hear a shout!
You hear a loud, deep croak!
You hear a shout!
You block the killer bee's attack. The killer bee stings you.
* * * LOW HITPOINT WARNING * * *
You are poisoned.
The killer bee poisons you! You block the killer bee's attack. x2
You hit the killer bee. Your headbutt misses the killer bee.
The killer bee is heavily wounded.
You feel sick. You block the killer bee's attack. The killer bee stings you!
* * * LOW HITPOINT WARNING * * *
You closely miss the killer bee. Your headbutt misses the killer bee.
The killer bee is heavily wounded.
You feel sick.
The killer bee stings you but does no damage.
You block the killer bee's attack. x3
You hit the killer bee. You headbutt the killer bee.
You kill the killer bee!
You feel sick.
Grum glances around and shouts, "Junior!
Here boy!"
You closely miss the killer bee.
You feel sick.
You block the killer bee's attack. x2; The killer bee stings you.
* * * LOW HITPOINT WARNING * * *
The killer bee stings you but does no damage.
It was a potion of resistance.
You feel protected.
* * * LOW HITPOINT WARNING * * *
You feel sick. You block the killer bee's attack. x2
It was a potion of attraction.
You feel attractive to monsters. The killer bee stings you.
You die...

.. ... ..####
#.... ..#....
..... #####.S###
#....Fyyy#
.......#@###
.......#...#
.......###.#
####### #......
#.# #.....#
####### #.#
#.###.# #.###
#.# #.#
#...######.###.#
###.....)..##...
#........##....


You could see a water moccasin, a bullfrog and 3 killer bees.

Vanquished Creatures
  A troll (D:5)
  Menkaure (D:4)
  Duvessa (D:6)
  2 water moccasins (D:5)
  2 sky beasts
  A black bear (D:4)
  2 ogres
  An ice beast (D:3)
  2 wolves (D:9)
  2 centaurs
  2 phantoms
  A kobold brigand (D:8)
  3 necrophages
  5 bullfrogs
  3 scorpions
  5 wights (D:8)
  Dowan (D:6)
  5 killer bees
  2 howler monkeys
  2 electric eels (D:7)
  9 hounds
  A jelly (D:4)
  An orc priest (D:4)
  Ijyb (D:4)
  4 orc wizards (D:8)
  3 iguanas
  Robin (D:2)
  5 adders
  A shadow imp (D:5)
  An ufetubus (D:6)
  A worm (D:3)
  16 orcs
  4 ball pythons
  4 bats
  8 endoplasms
  6 giant cockroaches
  19 goblins
  8 hobgoblins
  3 jackals
  A quokka (D:5)
  2 frilled lizards
  9 kobolds
  5 rats
157 creatures vanquished.

Vanquished Creatures (others)
  62 fungi (D:9)
  41 plants (D:9)
  2 withered plants (D:3)
105 creatures vanquished.

Grand Total: 262 creatures vanquished

Notes
Turn   | Place    | Note
-------+----------+-------------------------------------------
     0 | D:1      | Iusername the Minotaur Fighter began the quest for the Orb.
     0 | D:1      | Reached XP level 1. HP: 19/19 MP: 0/0
   282 | D:1      | Found a faded altar of an unknown god.
   328 | D:1      | Reached XP level 2. HP: 26/27 MP: 1/1
   888 | D:2      | Reached XP level 3. HP: 33/33 MP: 2/2
  1027 | D:2      | Noticed Robin
  1034 | D:2      | Killed Robin
  1102 | D:2      | Reached XP level 4. HP: 21/41 MP: 3/3
  1734 | D:2      | You fall into a shaft and drop 2 floors!
  1745 | D:4      | Noticed Menkaure
  1752 | D:4      | Killed Menkaure
  1753 | D:4      | Reached skill level 1 in Dodging
  1753 | D:4      | Reached XP level 5. HP: 47/47 MP: 4/4
  1920 | D:4      | Found a white marble altar of Elyvilon.
  2022 | D:4      | Noticed Ijyb
  2041 | D:4      | Killed Ijyb
  2989 | D:4      | Found a stormy altar of Qazlal.
  2989 | D:4      | Found a shimmering blue altar of Sif Muna.
  3020 | D:4      | Reached XP level 6. HP: 24/55 MP: 5/5
  3512 | D:4      | Identified 2 scrolls of acquirement
  3512 | D:4      | Acquired 933 gold pieces
  3514 | D:4      | Acquired a +2 tower shield of positive energy
  3690 | D:4      | Reached skill level 5 in Polearms
  3690 | D:4      | Reached skill level 5 in Armour
  3778 | D:4      | Reached skill level 5 in Fighting
  3847 | D:4      | Reached skill level 5 in Shields
  4155 | D:3      | Found an opulent altar of Gozag.
  4202 | D:3      | Noticed an ice beast
  4214 | D:3      | Killed an ice beast
  4215 | D:3      | Reached XP level 7. HP: 54/61 MP: 6/6
  4378 | D:3      | Found a bloodstained altar of Trog.
  4731 | D:3      | Found a runed translucent door.
  4738 | D:3      | Noticed Rudyous's ghost (amateur MiFi)
  4786 | D:3      | Found a hazy altar of Hepliaklqana.
  5277 | D:5      | Entered Level 5 of the Dungeon
  6098 | D:5      | Found a staircase to the Ecumenical Temple.
  6138 | Temple   | Entered the Ecumenical Temple
  6363 | Temple   | Became a worshipper of the Shining One
  6422 | D:5      | HP: 3/61 [water moccasin (6)]
  6425 | D:5      | Reached XP level 8. HP: 17/70 MP: 7/7
  7094 | D:5      | Noticed a troll
  7181 | D:5      | Killed a troll
  8053 | D:6      | Found Vuddua's Fire Supplies.
  8153 | D:6      | Noticed Duvessa
  8153 | D:6      | Noticed Dowan
  8160 | D:6      | Killed Duvessa
  8164 | D:6      | Killed Dowan
  8177 | D:6      | Reached XP level 9. HP: 63/78 MP: 8/8
  8255 | D:6      | Found a snail-covered altar of Cheibriados.
  8318 | D:6      | Found Meithe's Jewellery Boutique.
  8333 | D:6      | Bought the ring of Simit {Contam +Blink Fly rN+ Will+
                  | Int+3} for 551 gold pieces
  9555 | D:7      | Reached * piety under the Shining One
 11665 | D:9      | Noticed Grum
 11678 | D:9      | HP: 3/79 [poisoned by a killer bee]
 11679 | D:9      | Slain by a killer bee

Illustrated notes

Levels and vault maps discovered:
D:1:      lordsloth_arrival_two_stooges, layout_basic,
          shapermc_ecumenical_altar_petra, dk_noncrumbling_4
D:2:      layout_basic, uniq_robin
D:3:      layout_loops_ring, nicolae_gozag_seed_capital,
          nzn_hepliaklqana_mist_gate, mainiacjoe_overflow_catwalk,
          gammafunk_ghost_grave, kennysheep_nub, chequers_serial_rivers_room_a,
          hangedman_abyss_or_decor_stabs
D:4:      layout_basic, elyvilon_altar_4, nicolae_overflow_two_pavilions,
          st_stairs_4, uniq_menkaure, uniq_ijyb
D:5:      minmay_chambers_of_fours, layout_loops_ring, minmay_temple_entry_tees
D:6:      minmay_angry_zag, layout_loops_corners, marbit_many_paths,
          serial_shops, nicolae_shop_window_shopping, nicolae_shop_fire_sale
          [nicolae_sub_dead_trees], ebering_dispersal_statue_hall, uniq_duvessa
D:7:      statuecave_lemuel, layout_cave_pods, serial_column_ruins,
          column_ruins_open_tiny, column_ruins_columns_straight,
          column_ruins_open_tiny, column_ruins_columns_straight
D:8:      layout_rooms, serial_aquarium, aquarium_bridge_straight
          [aquarium_subvault_bridge, aquarium_subvault_wall,
          aquarium_subvault_bridge, aquarium_subvault_wall],
          aquarium_bridge_island_small [aquarium_subvault_small_open,
          aquarium_subvault_window, aquarium_subvault_window,
          aquarium_subvault_bridge, aquarium_subvault_bridge],
          aquarium_window_fake, aquarium_window_2, aquarium_window_1,
          aquarium_window_2, aquarium_view_2c, aquarium_view_2c,
          aquarium_pool_double
D:9:      layout_basic, due_lair_maze_entry_diamond, serial_shops,
          nicolae_diamond_shop, uniq_grum
Temple:   minmay_temple_curvy_loop

Skill      XL: |  1  2  3  4  5  6  7  8  9 |
---------------+----------------------------+-----
Shields        | 4 5 6 7 8 |  8.4
Fighting       | 4 5 6 7 |  7.4
Polearms       | 3 4 5 6 7 9 |  9.4
Armour         | 4 5 6 8 9 |  9.7
Dodging        | 1 2 3 4 |  4.8
Stealth        | |  0.7

Action                   |  1- 3 |  4- 6 |  7- 9 || total
-------------------------+-------+-------+-------++-------
Melee: Trident           |    88 |   136 |   350 ||   574
       Headbutt          |     7 |    23 |    60 ||    90
  Use: Potion            |     1 |     1 |     5 ||     7
       Scroll            |       |     2 |       ||     2
Armor: Scale mail        |    30 |    42 |    91 ||   163
Dodge: Dodged            |    43 |    39 |    73 ||   155
Block: Buckler           |    15 |    14 |       ||    29
       Tower shield      |       |    53 |   317 ||   370
